Map: Jagannatha LE

Players

ViBE - Winner!

  • Race: Terran Terran
  • League: Gold
  • Spawn Location: 1:00

EateNater

  • Race: Protoss Protoss
  • League: Master
  • Spawn Location: 7:00

VOD

Have the link to the VOD?

Description

Time

  • Played on: March 21, 2021, 8:21 p.m.
  • Length: 17:04
Show
View Real Time Build Order
Export as new Build Order

ViBE Terran - Winner!

Build Orders:  

Get SALT Encoding   

  12  0:00  SCV  
  13  0:12  SCV  
  14  0:19  Supply Depot  
  14  0:24  SCV  
  15  0:40  SCV  
  15  0:42  Barracks  
  16  0:46  Refinery  
  16  0:53  SCV  
  17  1:06  SCV  
  18  1:18  SCV  
  19  1:30  Orbital Command  
  19  1:36  Marine  
  20  1:41  Command Center  
  20  1:53  Supply Depot  
  20  1:56  SCV, Marine  
  22  2:08  SCV  
  23  2:21  SCV, Marine  
  25  2:23  Factory  
  25  2:33  SCV  
  26  2:48  SCV  
  26  2:49  Bunker  
  27  2:53  Barracks Reactor  
  27  2:55  Orbital Command  
  27  3:00  SCV  
  27  3:05  Refinery  
  28  3:09  Factory Tech Lab  
  28  3:12  SCV  
  29  3:15  Barracks  
  29  3:23  SCV  
  29  3:24  SCV  
  31  3:29  Siege Tank  
  31  3:31  Marine x2  
  36  3:35  SCV  
  36  3:38  SCV  
  38  3:45  Supply Depot  
  38  3:48  SCV  
  39  3:50  SCV, Marine x2  
  42  4:00  SCV  
  42  4:01  Siege Tank  
  46  4:04  Barracks Tech Lab  
  46  4:07  SCV  
  47  4:10  Starport  
  47  4:12  SCV  
  47  4:13  Supply Depot  
  48  4:24  SCV x2  
  49  4:28  Marine x2  
  49  4:29  Marine  
  53  4:36  SCV x2  
  55  4:38  Supply Depot  
  55  4:41  Command Center  
  55  4:46  Marine x2, Siege Tank  
  55  4:47  Starport Reactor, Marine  
  55  4:48  SCV  
  62  4:57  Supply Depot  
  62  5:00  SCV x2  
  62  5:01  Stimpack, Supply Depot  
  62  5:06  Refinery x2  
  64  5:10  Engineering Bay  
  64  5:12  SCV  
  64  5:13  Engineering Bay  
  64  5:14  Marine x3  
  65  5:16  SCV  
  69  5:26  SCV  
  69  5:28  SCV  
  71  5:32  Supply Depot  
  71  5:34  Marine x3  
  74  5:35  Medivac x2  
  78  5:47  Supply Depot x2  
  78  5:50  Terran Infantry Weapons Level 1  
  78  5:55  Terran Infantry Armor Level 1, SCV  
  78  5:56  SCV  
  80  5:57  Orbital Command  
  80  6:08  Command Center  
  80  6:10  SCV x2  
  82  6:12  Marine x3  
  82  6:15  Orbital Command  
  85  6:19  Armory  
  85  6:22  SCV x2  
  87  6:34  SCV x2  
  89  6:45  SCV  
  89  6:46  SCV  
  89  6:47  SCV, Marine x2  
  92  6:48  Marine  
  92  6:49  Medivac x2  
  99  6:57  SCV  
  100  7:05  Marine x3  
  100  7:07  Combat Shield  
  103  7:10  Thor  
  109  7:15  Barracks  
  109  7:16  Barracks  
  109  7:17  Barracks  
  109  7:18  Barracks  
  109  7:19  Supply Depot  
  109  7:20  Supply Depot  
  109  7:33  Marine x3  
  109  7:34  Medivac x2  
  109  7:35  SCV x2  
  109  7:36  SCV  
  119  7:46  Refinery  
  119  7:47  Refinery, SCV x2  
  119  7:51  Command Center  
  121  7:52  Marine x3  
  121  7:53  Thor  
  121  7:55  Terran Infantry Weapons Level 2  
  130  7:58  Terran Infantry Armor Level 2  
  130  8:00  SCV x3  
  133  8:10  Marine x2, Supply Depot x2  
  133  8:12  SCV x3  
  138  8:14  Marine x3  
  141  8:21  Terran Vehicle Weapons Level 1  
  141  8:23  Barracks Reactor  
  141  8:25  Medivac x2  
  141  8:26  SCV x3  
  148  8:36  Barracks Reactor  
  148  8:37  Barracks Reactor x2, Marine x3  
  148  8:38  SCV  
  148  8:40  SCV x2  
  150  8:45  Planetary Fortress  
  150  8:47  Barracks  
  147  8:48  Barracks  
  147  8:52  Supply Depot x2  
  147  8:55  Marine  
  145  9:05  Marine  
  145  9:06  Marine  
  143  9:12  Marine, Command Center  
  143  9:13  Marine x8  
  146  9:21  Thor  
  146  9:23  Marine x2, Medivac x2  
  158  9:30  Marine x6  
  164  9:36  Barracks Reactor x2  
  164  9:45  Marine x5  
  169  9:57  Marine x6  
  169  9:59  Medivac x2  
  179  10:03  Marine  
  180  10:13  Marine x8  
  188  10:15  Marine x4, Thor  
  188  10:16  Terran Infantry Weapons Level 3, Terran Infantry Armor Level 3  
  188  10:19  Terran Vehicle Weapons Level 2  
  198  10:23  SCV x2  
  200  10:40  Barracks  
  200  10:42  Barracks x2  
  200  10:43  Barracks  
  200  10:44  Barracks  
  200  10:46  Starport, Barracks  
  200  10:47  Factory  
  200  10:55  Barracks  
  200  10:59  Barracks  
  200  11:02  Barracks  
  192  11:07  Marine  
  192  11:08  Marine x6  
  192  11:11  Medivac  
  197  11:31  Starport Reactor  
  197  11:33  Factory Tech Lab  
  197  11:38  Barracks Tech Lab x4  
  197  11:41  Barracks Reactor  
  197  11:42  Barracks Reactor x2  
  197  11:45  Barracks Reactor  
  197  11:48  Barracks Reactor  
  197  12:08  Planetary Fortress  
  197  12:11  Planetary Fortress  
  195  12:23  Concussive Shells  
  192  12:44  Marauder x5  
  192  12:45  Command Center  
  200  12:53  Neosteel Armor, Hi-Sec Auto Tracking  
  200  12:54  Terran Vehicle Weapons Level 3  
  188  13:07  Marine  
  188  13:08  Marauder x5, Marine  
  199  13:14  Smart Servos  
  192  13:29  Marauder  
  194  13:41  Medivac x4  
  192  13:42  Marine x2  
  194  14:07  Planetary Fortress  
  194  14:31  Command Center  
  194  14:34  Command Center  
  194  14:36  Command Center  
  194  14:48  Command Center  
  194  14:52  Command Center  
  194  14:56  Command Center  
  194  15:05  Command Center  
  194  15:23  Command Center  
Show
View Real Time Build Order
Export as new Build Order

EateNater Protoss 

Build Orders:  

Get SALT Encoding   

  12  0:01  Probe  
  13  0:13  Probe  
  14  0:20  Pylon  
  14  0:25  Probe  
  15  0:40  Probe (Chrono Boost)  
  16  0:52  Probe (Chrono Boost)  
  17  0:57  Probe (Chrono Boost)  
  18  1:09  Nexus  
  18  1:11  Probe  
  19  1:23  Gateway  
  19  1:24  Probe  
  20  1:32  Assimilator  
  20  1:36  Probe (Chrono Boost)  
  20  1:39  Pylon  
  21  1:48  Probe (Chrono Boost)  
  22  1:55  Probe (Chrono Boost)  
  23  2:03  Forge  
  23  2:09  Gateway  
  23  2:27  Cybernetics Core  
  23  2:30  Probe (Chrono Boost)  
  24  2:42  Probe (Chrono Boost)  
  25  2:48  Probe x2 (Chrono Boost)  
  27  2:52  Pylon  
  27  2:56  Probe  
  28  3:00  Zealot  
  30  3:08  Probe  
  31  3:16  Gateway  
  31  3:18  Gateway  
  31  3:22  Photon Cannon  
  31  3:29  Shield Battery  
  31  3:30  Shield Battery  
  31  3:36  Shield Battery  
  31  3:41  Nexus  
  31  3:44  Stalker  
  33  3:50  Stalker  
  33  3:53  Warp Gate  
  35  4:04  Probe (Chrono Boost)  
  36  4:11  Assimilator  
  36  4:14  Probe (Chrono Boost)  
  36  4:15  Assimilator  
  36  4:16  Assimilator  
  37  4:19  Probe (Chrono Boost)  
  38  4:27  Stalker x2  
  38  4:30  Probe  
  38  4:31  Zealot  
  45  4:42  Probe  
  46  4:47  Probe (Chrono Boost)  
  47  4:53  Probe (Chrono Boost)  
  50  5:01  Probe (Chrono Boost)  
  50  5:03  Probe x2 (Chrono Boost)  
  52  5:07  Pylon  
  52  5:09  Probe (Chrono Boost)  
  52  5:10  Probe (Chrono Boost)  
  52  5:12  Probe (Chrono Boost)  
  54  5:16  Protoss Ground Weapons Level 1 (Chrono Boost)  
  54  5:19  Probe (Chrono Boost)  
  54  5:20  Probe (Chrono Boost)  
  57  5:24  Probe (Chrono Boost)  
  57  5:25  Probe (Chrono Boost)  
  57  5:26  Probe (Chrono Boost)  
  57  5:27  Forge  
  57  5:28  Forge  
  59  5:32  Probe  
  60  5:54  Probe (Chrono Boost)  
  61  6:06  Probe (Chrono Boost)  
  63  6:13  Probe x2 (Chrono Boost)  
  63  6:16  Probe (Chrono Boost)  
  63  6:18  Assimilator  
  65  6:20  Assimilator  
  65  6:22  Protoss Shields Level 1 (Chrono Boost), Protoss Ground Armor Level 1 (Chrono Boost)  
  65  6:25  Probe x2 (Chrono Boost)  
  67  6:28  Probe (Chrono Boost)  
  67  6:29  Twilight Council  
  68  6:35  Probe x2 (Chrono Boost)  
  70  6:45  Pylon  
  70  6:48  Pylon  
  70  6:51  Pylon  
  70  6:53  Gateway  
  70  6:55  Gateway x2  
  70  6:59  Stalker x2  
  70  7:00  Stalker  
  76  7:02  Blink (Chrono Boost)  
  76  7:20  Pylon  
  76  7:22  Pylon  
  76  7:25  Shield Battery  
  76  7:27  Shield Battery  
  76  7:28  Photon Cannon  
  76  7:32  Photon Cannon  
  76  7:40  Probe x2  
  76  7:41  Probe  
  79  7:52  Probe x2  
  79  7:56  Nexus  
  79  7:57  Stalker x4  
  79  7:58  Protoss Ground Weapons Level 2 (Chrono Boost), Stalker x3  
  87  8:27  Pylon  
  87  8:29  Pylon  
  77  9:12  Probe  
  76  9:21  Nexus  
  76  9:22  Shield Battery  
  76  9:23  Shield Battery  
  76  9:24  Probe  
  76  9:25  Shield Battery  
  76  9:27  Pylon  
  76  9:29  Pylon, Stalker  
  76  9:30  Stalker x3  
  76  9:31  Stalker x3  
  89  9:36  Probe  
  92  9:42  Protoss Ground Armor Level 2 (Chrono Boost)  
  92  9:43  Protoss Shields Level 2 (Chrono Boost)  
  92  9:44  Probe  
  93  9:48  Probe  
  94  9:53  Probe  
  94  9:56  Probe  
  96  10:00  Probe  
  96  10:03  Stalker x4  
  96  10:04  Stalker x2  
  109  10:08  Probe  
  109  10:10  Templar Archives  
  110  10:14  Pylon  
  110  10:16  Pylon  
  110  10:20  Gateway  
  110  10:22  Gateway  
  110  10:29  Photon Cannon  
  110  10:33  Photon Cannon  
  109  10:41  Zealot x4  
  89  11:22  Stalker x3  
  89  11:23  Stalker x2  
  99  11:27  High Templar x2  
  95  11:46  Photon Cannon  
  95  11:47  Psionic Storm  
  95  11:50  Zealot  
  95  11:52  Zealot  
  95  11:53  Stalker x3  
  105  12:00  High Templar x2  
  109  12:19  Shield Battery  
  80  12:47  Stalker x3  
  50  13:11  High Templar x3  
Tags
 
Matchup
PvT
Player
ViBE
Replay Pack
Gold_League
Spawn Locations
Cross Positions
Add a new tag
Caveats
  • Supply blocks, unpowered buildings, or Contaminate may cause inaccurate times.
  • Supply counts are checked every 10 seconds.